 Dungeon Crawl Stone Soup version 0.28-a0-691-gad6df49e81 (webtiles) character file.

Game seed: 13099096794090379631

7583 Anon1729 the Grappler (level 10, 0/83 HPs)
             Began as a Demigod Transmuter on Oct 21, 2021.
             Slain by a gargoyle (21 damage)
             ... on level 11 of the Dungeon.
             The game lasted 00:18:09 (17999 turns).

Anon1729 the Grappler (Demigod Transmuter)         Turns: 17999, Time: 00:18:09

Health: 0/83       AC:  7    Str: 19    XL:     10   Next: 65%
Magic:  15/15      EV: 14    Int: 25    God:
Gold:   439        SH:  0    Dex: 14    Spells: 6/12 levels left

rFire   . . .      SeeInvis .     - Unarmed
rCold   . . .      Faith    .   (no shield)
rNeg    . . .      Spirit   .   M - +1 robe of the Iron City of Dis {rElec}
rPois   .          Reflect  .   (helmet currently unavailable)
rElec   +          Harm     .   E - scarf {repulsion}
rCorr   .          Rampage  .   (no gloves)
Will    +....                   (boots currently unavailable)
Stlth   +.........              (no amulet)
HPRegen 0.23/turn               i - +6 ring of intelligence
MPRegen 0.14/turn               s - +4 ring of protection

@: appendages, repel missiles
A: horns 2, talons 2, high mp 1, forlorn
a: End Transformation


You were on level 11 of the Dungeon.
You had temporarily grown beastly horns and talons.
You visited 1 branch of the dungeon, and saw 11 of its levels.

You collected 439 gold pieces.

Inventory:

Hand Weapons
 v - the +8 hand axe "Ultimatum" {flame, rElec Dex+4 Stlth+}
   (You found it on level 4 of the Dungeon)

   It burns those it strikes, dealing additional fire damage.
   Big, fiery blades are also staple armaments of hydra-hunters.
   Dex:       It affects your dexterity (+4).
   rElec:     It insulates you from electricity.
   Stlth:     It makes you more stealthy.
 H - the +9 hand axe of Huix {vorpal, rF- rN+ rCorr Int+3}
   (You found it on level 8 of the Dungeon)

   It inflicts extra damage upon your enemies.
   Int:       It affects your intelligence (+3).
   rF:        It makes you vulnerable to fire.
   rN:        It protects you from negative energy.
   rCorr:     It protects you from acid and corrosion.
Missiles
 K - 2 throwing nets
Armour
 a - a +0 robe
 u - a +0 pair of boots (melded)
 E - a scarf of repulsion (worn)
 M - the +1 robe of the Iron City of Dis (worn) {rElec}
   (You found it on level 11 of the Dungeon)

   rElec:     It insulates you from electricity.
Magical Staves
 e - a staff of conjuration
Jewellery
 i - a +6 ring of intelligence (left hand)
 n - a +6 ring of intelligence
 s - a +4 ring of protection (right hand)
Wands
 d - a wand of paralysis (18)
 o - a wand of flame (46)
 y - a wand of iceblast (3)
 D - a wand of polymorph (1)
 N - a wand of digging (8)
Scrolls
 h - 4 scrolls of teleportation
 j - 2 scrolls of vulnerability
 k - a scroll of torment {unknown}
 p - a scroll of blinking
 r - a scroll of immolation
 x - a scroll of brand weapon {unknown}
 A - a scroll of enchant armour {unknown}
 B - a scroll of acquirement {unknown}
 C - 4 scrolls of identify
 F - 3 scrolls of fear
 I - a scroll of summoning {unknown}
 J - a scroll of magic mapping
 O - a scroll of amnesia
Potions
 b - 3 potions of curing
 c - a potion of haste {unknown}
 f - 3 potions of lignification {unknown}
 g - 2 potions of might {unknown}
 l - 3 potions of invisibility {unknown}
 m - a potion of magic {unknown}
 q - 2 potions of degeneration {unknown}
 t - 2 potions of attraction {unknown}
 w - 3 potions of heal wounds {unknown}
 z - 2 potions of cancellation {unknown}
 G - a potion of mutation {unknown}
 L - a potion of flight {unknown}


   Skills:
 + Level 6.1 Fighting
 + Level 6.3 Dodging
 * Level 9.2 Unarmed Combat
 - Level 1.7 Spellcasting
 + Level 3.7 Translocations
 * Level 8.9 Transmutations


You had 6 spell levels left.
You knew the following spells:

 Your Spells              Type           Power      Damage    Failure   Level
a - Beastly Appendage     Tmut           92%        N/A       1%          1
b - Wereblood             Tmut           46%        N/A       1%          2
c - Spider Form           Tmut/Pois      12%        N/A       5%          3

Your spell library contained the following spells:

 Spells                   Type           Power      Damage    Failure   Level
 Passwall                 Tmut/Erth      20%        N/A       2%          2
 Blink                    Tloc           N/A        N/A       3%          2
 Lesser Beckoning         Tloc           21%        N/A       8%          3
 Magic Dart               Conj           8%         1d3       12%         1
 Sandblast                Erth           4%         2d4       12%         1
 Portal Projectile        Hex/Tloc       22%        N/A       16%         3
 Searing Ray              Conj           4%         2d4       17%         2
 Static Discharge         Conj/Air       2%         N/A       17%         2
 Ice Form                 Ice/Tmut       24%        N/A       19%         4
 Passage of Golubria      Tloc           21%        N/A       24%         4
 Dazzling Flash           Conj/Hex       4%         N/A       34%         3
 Stone Arrow              Conj/Erth      4%         3d7       34%         3
 Iskenderun's Mystic Bla  Conj/Tloc      11%        2d4       47%         4
 Manifold Assault         Tloc           21%        N/A       56%         5
 Animate Armour           Summ/Erth      4%         N/A       75%         4
 Dispel Undead            Necr           2%         3d7       75%         4
 Fulminant Prism          Conj/Hex       1%         3d6       75%         4
 Sticky Flame             Conj/Fire      2%         2d3       75%         4
 Starburst                Conj/Fire      1%         6d3       100%        6
 Storm Form               Tmut/Air       12%        N/A       100%        7
 Disjunction              Tloc           10%        N/A       100%        8
 Lehudib's Crystal Spear  Conj/Erth      1%         10d2      100%        8


Dungeon Overview and Level Annotations

Branches:
Dungeon (11/15)            Temple (0/1) D:7
   Lair: D:8-11         Orc: D:9-12

Annotations:
D:11 1 transporter


Innate Abilities, Weirdness & Mutations

You have temporarily grown beastly horns and talons.
Your attributes grow dramatically as you level up.
You have an increased reservoir of magic. (+10% MP)
You shall have no god before yourself.


Message History

You hit the gargoyle but do no damage.
You claw the gargoyle, but do no damage.
Your headbutt misses the gargoyle.
The gargoyle is heavily damaged.
The gargoyle hits you with a +0 morningstar!
You hit the gargoyle but do no damage. You claw the gargoyle.
You headbutt the gargoyle.
The gargoyle is almost destroyed.
The gargoyle hits you with a +0 morningstar!
You are too injured to fight recklessly!
You are too injured to fight recklessly!
You are too injured to fight recklessly!
You are too injured to fight recklessly!
You are too injured to fight recklessly!
You are too injured to fight recklessly!
You are too injured to fight recklessly!
You are too injured to fight recklessly!
You are too injured to fight recklessly!
You are too injured to fight recklessly!
You hit the gargoyle.
You claw the gargoyle, but do no damage.
The gargoyle is almost destroyed.
The gargoyle hurls a stone arrow at you.
The stone arrow hits you!!
* * * LOW HITPOINT WARNING * * *
You hit the gargoyle but do no damage.
You claw the gargoyle, but do no damage.
You headbutt the gargoyle.
The gargoyle is almost destroyed.
The gargoyle hurls a stone arrow at you.
The stone arrow misses you.
You barely miss the gargoyle.
The gargoyle is almost destroyed.
You closely miss the gargoyle.
The gargoyle is almost destroyed.
The gargoyle closely misses you.
You hit the gargoyle but do no damage.
The gargoyle is almost destroyed.
The gargoyle hits you with a +0 morningstar!!
You die...

## .. .. ..###
....#############################
................................)
.....###.......###########.#####)
...............9@.# ###..#.#.# #.
........##.....##.###......#.# #.
..#..#.###.....##..##......#.# #.
.....#.# #.....###.##......#.# #.
...9##.# #..........#......#.###.
.....# # #..(.####..#.....<......
##... ...................#.###.
#... #.#########.#.......#.#...
#. #.#.......#.#.#.


You could see a gargoyle.

Vanquished Creatures
  2 tengu warriors (D:10)
  3 centaur zombies
  A komodo dragon (D:11)
  Prince Ribbit (D:9)
  2 wraiths
  A wyvern (D:9)
  8 yaks
  Menkaure (D:6)
  An acid dragon (D:11)
  3 water moccasins
  3 orc warriors
  An ice beast (D:7)
  An ogre (D:4)
  A centaur (D:9)
  2 phantoms
  2 bullfrogs
  A kobold brigand (D:7)
  2 scorpions
  Dowan (D:7)
  2 water moccasin skeletons
  4 wights (D:7)
  6 howler monkeys
  A bullfrog zombie (D:5)
  4 hounds
  2 jellies
  A bullfrog skeleton (D:6)
  A gnoll shaman (D:8)
  5 orc priests
  A centaur skeleton (D:5)
  4 iguanas
  15 orc wizards
  A killer bee zombie (D:7)
  8 gnolls
  A howler monkey skeleton (D:5)
  8 adders
  A shadow imp (D:8)
  4 ufetubi
  2 adder skeletons (D:4)
  3 worms
  6 dart slugs
  41 orcs
  5 bats
  5 endoplasms
  7 giant cockroaches
  8 goblins
  6 hobgoblins
  3 jackals (D:2)
  9 kobolds
  4 quokkas
  8 ball pythons
  7 frilled lizards
  7 rats
227 creatures vanquished.

Vanquished Creatures (others)
  Duvessa (D:7)
  4 plants
5 creatures vanquished.

Grand Total: 232 creatures vanquished

Notes
Turn   | Place    | Note
-------+----------+-------------------------------------------
     0 | D:1      | Anon1729 the Demigod Transmuter began the quest for the
                  | Orb.
     0 | D:1      | Reached XP level 1. HP: 15/15 MP: 5/5
   108 | D:1      | Reached skill level 1 in Fighting
   120 | D:1      | Reached XP level 2. HP: 4/23 MP: 7/7
   531 | D:1      | Reached skill level 3 in Unarmed Combat
  1269 | D:1      | Learned a level 2 spell: Wereblood
  1517 | D:1      | Reached XP level 3. HP: 28/28 MP: 6/8
  4172 | D:3      | Reached XP level 4. HP: 26/36 MP: 7/9
  4550 | D:3      | Learned a level 3 spell: Spider Form
  4565 | D:3      | Got the Volume of Displacement
  5942 | D:4      | Noticed an ogre
  6074 | D:4      | Killed an ogre
  6075 | D:4      | Reached skill level 4 in Unarmed Combat
  6075 | D:4      | Reached XP level 5. HP: 12/41 MP: 7/10
  7134 | D:4      | Reached XP level 6. HP: 39/50 MP: 9/11
  7369 | D:4      | Identified the +8 hand axe "Ultimatum" {flame, rElec Dex+4
                  | Stlth+}
  7529 | D:5      | Entered Level 5 of the Dungeon
  8625 | D:5      | Reached XP level 7. HP: 56/56 MP: 10/12
  8701 | D:5      | Reached skill level 5 in Unarmed Combat
  9169 | D:6      | Reached skill level 5 in Transmutations
 10186 | D:6      | Noticed Menkaure
 10199 | D:6      | Killed Menkaure
 10200 | D:6      | Reached skill level 6 in Unarmed Combat
 10200 | D:6      | Reached XP level 8. HP: 47/66 MP: 13/13
 11253 | D:7      | Found a staircase to the Ecumenical Temple.
 11493 | D:7      | HP: 3/66 [poisoned by a water moccasin]
 11958 | D:7      | Noticed Duvessa
 11959 | D:7      | Noticed Dowan
 11984 | D:7      | Killed Duvessa
 11985 | D:7      | HP: 3/66 [Dowan/shard of ice (29)]
 11986 | D:7      | Killed Dowan
 12424 | D:7      | Reached skill level 7 in Unarmed Combat
 13251 | D:8      | Reached XP level 9. HP: 68/72 MP: 11/14
 13320 | D:8      | Identified the +9 hand axe of Huix {vorpal, rF- rN+ rCorr
                  | Int+3}
 13832 | D:8      | Reached skill level 5 in Dodging
 13832 | D:8      | Reached skill level 1 in Translocations
 14368 | D:9      | Reached skill level 5 in Fighting
 15203 | D:9      | Noticed Prince Ribbit
 15212 | D:9      | Killed Prince Ribbit
 15458 | D:10     | Entered Level 10 of the Dungeon
 15491 | D:10     | Reached skill level 8 in Unarmed Combat
 15794 | D:10     | Noticed a tengu warrior
 15794 | D:10     | Noticed a tengu warrior
 15818 | D:10     | Killed a tengu warrior
 15819 | D:10     | Reached XP level 10. HP: 47/81 MP: 15/15
 16252 | D:10     | Killed a tengu warrior
 17152 | D:11     | Identified the +1 robe of the Iron City of Dis {rElec}
 17401 | D:11     | Reached skill level 9 in Unarmed Combat
 17456 | D:11     | Found a transporter.
 17460 | D:11     | Noticed a fire crab
 17999 | D:11     | Slain by a gargoyle

Illustrated notes

Levels and vault maps discovered:
D:1:      lemuel_arrival_hallway, layout_basic, minmay_tree_intersection,
          minmay_box_of_dots
D:2:      layout_basic, basic_altar, ebering_ecumenical_altar_petrified,
          kennysheep_generic_room_14
D:3:      layout_rooms, serial_forest, infiniplex_forest_clump_cross,
          infiniplex_forest_clump_cross, infiniplex_forest_3_way,
          infiniplex_forest_clump_tiny, infiniplex_forest_end_double,
          infiniplex_forest_end_2, infiniplex_forest_straight_1,
          grunt_ministairs_3
D:4:      layout_gridville, grunt_gozag_breadcrumbs,
          minmay_overflow_temple_star_hex
D:5:      layout_loops_ring
D:6:      layout_cave_pods, corexii_shack, uniq_menkaure
D:7:      layout_loops_corners, makhleb_heckhound_becter,
          minmay_temple_entry_statues_fountains, uniq_duvessa
D:8:      layout_rooms
D:9:      layout_irregular_city, mainiacjoe_overflow_small_starburst,
          mainiacjoe_overflow_alcove_4, lemuel_doored_altar,
          hangedman_abyss_or_decor_lesser_grid, roderic_lattice_a,
          uniq_prince_ribbit1
D:10:     layout_basic, nicolae_overflow_hidden_temple,
          nicolae_kikubaaqudgha_miasma_corner
D:11:     gammafunk_cloud_chamber, layout_basic

Skill      XL: |  1  2  3  4  5  6  7  8  9 10 |
---------------+-------------------------------+-----
Fighting       | 1 2 3 4 5 6 |  6.1
Transmutations | 2 3 4 5 6 8 |  8.9
Dodging        | 2 3 4 5 6 |  6.3
Unarmed Combat | 3 4 6 7 8 9 |  9.2
Translocations | 2 3 |  3.7
Spellcasting   | |  1.7

Action                   |  1- 3 |  4- 6 |  7- 9 | 10-12 || total
-------------------------+-------+-------+-------+-------++-------
Melee: Unarmed           |   197 |   235 |   523 |   121 ||  1076
       Kick              |    18 |    35 |    59 |    14 ||   126
       Headbutt          |    12 |    20 |    30 |    10 ||    72
       Punch             |     2 |     5 |    16 |     1 ||    24
 Cast: Beastly Appendage |    23 |    26 |    23 |     4 ||    76
       Spider Form       |       |     1 |    18 |     9 ||    28
Evoke: Wand              |       |       |     1 |       ||     1
  Use: Scroll            |     2 |     1 |     5 |       ||     8
       Potion            |     1 |       |     1 |       ||     2
 Stab: Sleeping          |       |     2 |     3 |     1 ||     6
       Paralysed         |       |       |     2 |       ||     2
Armor: Robe              |    33 |    43 |   104 |    23 ||   203
       Skin              |       |       |    40 |    11 ||    51
Dodge: Dodged            |   140 |   138 |   368 |   106 ||   752
       Repelled          |       |       |     1 |       ||     1

Table legend: (Time is in decaauts)
 A = Elapsed time spent in this place.
 B = Non-inter-level travel time spent in this place.
 C = Inter-level travel time spent in this place.
 D = Time resting spent in this place.
 E = Time spent auto-exploring this place.
 F = Levels seen in this place.
 G = Mean time per level.
                   A        B        C        D        E       F      G
               +--------+--------+--------+--------+--------+-----+--------+
         Total |  17909 |  17611 |    298 |   4122 |  11261 |  11 | 1628.1 |
       Dungeon |  17909 |  17611 |    298 |   4122 |  11261 |  11 | 1628.1 |
               +--------+--------+--------+--------+--------+-----+--------+

Top non-repeatable levels by time:
     D:7: 2886 daAuts
     D:2: 2016 daAuts
     D:1: 1987 daAuts
     D:4: 1957 daAuts
     D:3: 1719 daAuts
     D:9: 1669 daAuts
    D:10: 1566 daAuts
     D:6: 1520 daAuts
     D:5: 1451 daAuts
    D:11: 582 daAuts
     D:8: 550 daAuts
